 Dungeon Crawl Stone Soup version 0.29-a0-43-g62a80824bf (webtiles) character file.

Game seed: 3163290052189242492

4 Hubjo the Grasshopper (level 1, -1/16 HPs)
             Began as a Vampire Warper on Feb 2, 2022.
             Killed from afar by a dart slug (4 damage)
             ... with a slug dart
             ... on level 1 of the Dungeon.
             The game lasted 00:00:18 (46 turns).

Hubjo the Grasshopper (Vampire Warper)                Turns: 46, Time: 00:00:19

Health: -1/16      AC:  3    Str: 10    XL:     1   Next: 50%
Magic:  3/3        EV: 12    Int: 15    God:
Gold:   0          SH:  0    Dex: 13    Spells: 4/4 levels left

rFire   . . .      SeeInvis +   a - +0 short sword
rCold   . . .      Faith    .   (no shield)
rNeg    . . .      Spirit   .   b - +0 leather armour
rPois   .          Reflect  .   (no helmet)
rElec   .          Harm     .   (no cloak)
rCorr   .          Rampage  .   (no gloves)
Will    .....                   (no boots)
Stlth   +.........              (no amulet)
HPRegen 0.25/turn               (no ring)
MPRegen 0.08/turn               (no ring)

@: healing quickly
A: alive, fangs 3, see invisible, vampiric 1
a: Exsanguinate


You were on level 1 of the Dungeon.
You visited 1 branch of the dungeon, and saw 1 of its levels.

Inventory:

Hand Weapons
 a - a +0 short sword (weapon)
Missiles
 d - 5 boomerangs of dispersal (quivered)
Armour
 b - a +0 leather armour (worn)
Scrolls
 c - a scroll of blinking
 e - a scroll of identify {unknown}


   Skills:
 + Level 1.7 Fighting
 + Level 2.2 Short Blades
 + Level 0.7 Throwing
 + Level 0.7 Armour
 + Level 2.3 Dodging
 + Level 2.0 Spellcasting
 + Level 2.5 Translocations


You had 4 spell levels left.
You didn't know any spells.
Your spell library contained the following spells:

 Spells                   Type           Power      Damage    Failure   Level
 Blink                    Tloc           18%        N/A       16%         2
 Gell's Gravitas          Tloc           9%         N/A       32%         3
 Lesser Beckoning         Tloc           9%         N/A       32%         3
 Teleport Other           Tloc           9%         N/A       32%         3
 Manifold Assault         Tloc           9%         N/A       96%         5


Dungeon Overview and Level Annotations

Branches:
Dungeon (1/15)

Altars:


Innate Abilities, Weirdness & Mutations

Your natural rate of healing is accelerated.
You have razor-sharp teeth.
You have supernaturally acute eyesight. (SInv)
You are afflicted with vampirism.


Message History

You closely miss the jackal. You bite the jackal.
The jackal is almost dead.
The bat hits you but does no damage.
The jackal bites you but does no damage. x2
You barely miss the jackal.
The jackal is almost dead.
The bat barely misses you. The jackal misses you.
The jackal bites you but does no damage.
The jackal barely misses you. The bat hits you. The jackal closely misses you.
You closely miss the jackal.
The jackal is almost dead.
The bat completely misses you. The jackal misses you.
The jackal barely misses you.
You hit the jackal.
You kill the jackal!
The bat hits you but does no damage. The bat barely misses you.
The jackal barely misses you. The bat hits you but does no damage.
The jackal bites you.
* * * LOW HITPOINT WARNING * * *
You hit the bat. Your bite misses the bat.
The bat is moderately wounded.
The bat hits you but does no damage. The bat misses you.
The bat hits you but does no damage. The jackal closely misses you.
The bat closely misses you. The bat misses you.
The jackal bites you but does no damage.
The jackal barely misses you. The dart slug bites you.
* * * LOW HITPOINT WARNING * * *
Things that are here:
a jackal corpse; a bat corpse The bat barely misses you.
The bat closely misses you. The jackal barely misses you.
The jackal bites you but does no damage.
The jackal barely misses you. The bat misses you.
A quokka comes into view.
A dart slug comes into view.
The jackal barely misses you.
Found a stone staircase leading down.
The dart slug launches a dart at you. The slug dart hits you.
You die...

........#...#
........##..##
.<...........#
........###..###########
........# #..##........#
.......## #...#........#
......'# ##..#........#
.....### #..†...>.?..#
....## #b##w@......#
##### #..#hr......#
##.b.b......#
#...........#
....##........# ...###
#........# .. .....w...#
. .........# .........


You could see 2 dart slugs, a quokka, a jackal and 2 bats.

Vanquished Creatures
  A bat (D:1)
  2 jackals (D:1)
3 creatures vanquished.

Notes
Turn   | Place    | Note
-------+----------+-------------------------------------------
     0 | D:1      | Hubjo the Vampire Warper began the quest for the Orb.
     0 | D:1      | Reached XP level 1. HP: 16/16 MP: 3/3
    46 | D:1      | Killed from afar by a dart slug

Illustrated notes

Levels and vault maps discovered:
D:1:      lemuel_arrival_rhombus, layout_rooms,
          hellmonk_ecumenical_altar_crossroads

Action                   || total
-------------------------++-------
Melee: Short sword       ||    16
       Bite              ||     1
Armor: Leather armour    ||    21
Dodge: Dodged            ||    44

Table legend: (Time is in decaauts)
 A = Elapsed time spent in this place.
 B = Non-inter-level travel time spent in this place.
 C = Inter-level travel time spent in this place.
 D = Time resting spent in this place.
 E = Time spent auto-exploring this place.
 F = Levels seen in this place.
 G = Mean time per level.
                   A        B        C        D        E       F      G
               +--------+--------+--------+--------+--------+-----+--------+
         Total |     45 |     38 |      7 |      0 |     13 |   1 |   45.0 |
       Dungeon |     45 |     38 |      7 |      0 |     13 |   1 |   45.0 |
               +--------+--------+--------+--------+--------+-----+--------+

Top non-repeatable levels by time:
     D:1: 45 daAuts
